 Dungeon Crawl Stone Soup version 0.16.2-2-g470672f (webtiles) character file.

105 Engledude530 the Grave Robber (level 4, -2/24 HPs)
             Began as a Deep Elf Necromancer on Sept 3, 2015.
             Slain by a goblin (4 damage)
             ... led by Robin
             ... on level 3 of the Dungeon.
             The game lasted 00:17:09 (2164 turns).

Engledude530 the Grave Robber (DENe)                Turns: 2164, Time: 00:17:09

Health: -2/24      AC:  2    Str:  5    XL:     4   Next: 53%
Magic:  10/16      EV: 10    Int: 21    God:
Gold:   128        SH:  6    Dex: 15    Spells: 4 memorised, 4 levels left

rFire  . . .     SeeInvis .     o - +0 dagger
rCold  . . .     Clarity  .     a - +0 robe
rNeg   . . .     SustAb   .     h - +0 shield
rPois  .         Gourm    .     (no helmet)
rElec  .         Spirit   .     (no cloak)
rCorr  .         Warding  .     (no gloves)
rMut   .         Stasis   .     (no boots)
MR     .....                    (no amulet)
Stlth  ++........               (no ring)
                                (no ring)

@: not resistant to hostile enchantments, unstealthy
A: no striking features
a: no special abilities


You were on level 3 of the Dungeon.
You were not hungry.

You visited 1 branch of the dungeon, and saw 3 of its levels.

You collected 128 gold pieces.

Inventory:

Hand weapons
 l - a +0 whip
 o - a +0 dagger (weapon)
Missiles
 e - 30 bolts
 i - 10 arrows
 k - 11 sling bullets
Armour
 a - a +0 robe (worn)
 d - a +0 leather armour
 h - a +0 shield (worn)
 p - a cursed +0 ring mail
 q - a +0 ring mail
 r - a +0 leather armour
Jewellery
 n - an uncursed ring of teleportation
 u - an uncursed ring of flight {unknown}
Scrolls
 j - a scroll of amnesia
Potions
 g - 2 potions of curing
 t - a potion of heal wounds {unknown}
Books
 b - a book of Necromancy

   Spells                             Type                      Level
   a - Pain                           Necromancy                   1
   b - Animate Skeleton               Necromancy                   1
   c - Vampiric Draining              Necromancy                   3
   d - Regeneration                   Charms/Necromancy            3
   e - Animate Dead                   Necromancy                   4
   f - Control Undead                 Necromancy                   4
Comestibles
 c - 3 chunks of flesh
 f - 4 fruits
 m - 2 meat rations
 s - a beef jerky


   Skills:
 + Level 0.1 Fighting
 - Level 0.1 Armour
 - Level 2.5 Dodging
 - Level 2.7 Stealth
 + Level 4.6 Spellcasting
 + Level 6.1 Necromancy


You had 4 spell levels left.
You knew the following spells:

 Your Spells              Type           Power        Failure   Level  Hunger
a - Pain                  Necr           ####         10%         1    None
b - Animate Skeleton      Necr           N/A          10%         1    None
c - Vampiric Draining     Necr           ####......   21%         3    ##.....
d - Regeneration          Chrm/Necr      ###.......   75%         3    ##.....


Dungeon Overview and Level Annotations

Branches:
Dungeon (3/15)

Altars:
The Shining One

Annotations:
D:3 Robin, Sigmund


Message History

Press: ? - help, Shift-Dir - straight line, f - goblin
Aim: a goblin (severely wounded, chance 93%)
The goblin convulses in agony!
The goblin hits you.
Your quokka skeleton completely misses the goblin.
The hobgoblin hits your quokka skeleton with a club.
Your quokka skeleton is destroyed!
Your shield prevents you from hitting the goblin.
The goblin is almost dead.
The hobgoblin hits you but does no damage.
You block the goblin's attack.
An orc comes into view.
You hit the goblin.
You kill the goblin!
The goblin hits you.
* * * LOW HITPOINT WARNING * * *
The goblin hits you with a club.
* * * LOW HITPOINT WARNING * * *
You block the hobgoblin's attack. The goblin hits you.
You die...

###o#.## ###### ......#
#. #.....
#....$####.##..... #.##
#..##)##..#.......
##..###.$##.##.#.##..###
#.....#.)##.##.#........
#......#gg.......<##..###
.#.....†.g....#...#...#
%..?....@.......#.....#
##........##.#.###....#
####.........## ##.#.#
#........## ##..#
#.........## #.###
###...####.###Z# #...#
##.#.# ##### ##.## ###


You could see an orc, a hobgoblin and 2 goblins.

Vanquished Creatures
  A giant frog (D:3)
  A giant gecko (D:1)
  An ooze (D:1)
  An orc (D:3)
  A ball python (D:1)
  2 giant cockroaches (D:1)
  6 goblins
  7 hobgoblins
  A quokka (D:3)
  6 bats
  3 giant newts
  2 jackals (D:1)
  2 kobolds (D:2)
  4 rats
38 creatures vanquished.

Vanquished Creatures (collateral kills)
  A giant gecko (D:2)
  2 hobgoblins
3 creatures vanquished.

Vanquished Creatures (others)
  A hobgoblin skeleton (D:2)
  A quokka skeleton (D:3)
  A rat skeleton (D:3)
3 creatures vanquished.

Grand Total: 44 creatures vanquished

Notes
Turn   | Place    | Note
--------------------------------------------------------------
     0 | D:1      | Engledude530, the Deep Elf Necromancer, began the quest for the Orb.
     0 | D:1      | Reached XP level 1. HP: 10/10 MP: 5/5
     4 | D:1      | Reached skill level 5 in Necromancy
    10 | D:1      | Learned a level 1 spell: Animate Skeleton
   294 | D:1      | Reached XP level 2. HP: 10/15 MP: 1/8
  1680 | D:2      | Found a glowing golden altar of the Shining One.
  1681 | D:2      | Reached XP level 3. HP: 13/19 MP: 9/11
  1714 | D:2      | Learned a level 3 spell: Vampiric Draining
  1718 | D:2      | Learned a level 3 spell: Regeneration
  2051 | D:3      | Noticed a giant frog
  2067 | D:3      | Killed a giant frog
  2067 | D:3      | Reached skill level 6 in Necromancy
  2067 | D:3      | Reached XP level 4. HP: 15/24 MP: 7/15
  2150 | D:3      | Noticed Robin
  2158 | D:3      | Noticed Sigmund
  2164 | D:3      | Slain by a goblin

Action                   |  1- 3 |  4- 6 || total
-------------------------+-------+-------++-------
Melee: Dagger            |    23 |     4 ||    27
       Whip              |     4 |       ||     4
 Cast: Pain              |    47 |     9 ||    56
       Animate Skeleton  |     9 |     2 ||    11
  Use: Scroll            |     8 |       ||     8
       Potion            |     1 |       ||     1
  Eat: Bread ration      |     1 |       ||     1
